 Dungeon Crawl Stone Soup version 0.18.1-50-g88ac8fd (webtiles) character file.

142 Amnesiac the Ducker (level 5, 0/31 HPs)
             Began as a Deep Elf Fighter on Mar 2, 2018.
             Slain by a gnoll
             ... wielding a +0 halberd
              (13 damage)
             ... on level 4 of the Dungeon.
             The game lasted 00:05:31 (3096 turns).

Amnesiac the Ducker (Deep Elf Fighter)              Turns: 3096, Time: 00:05:32

Health: 0/31       AC:  8    Str: 14    XL:     5   Next: 3%
Magic:  9/9        EV:  8    Int: 13    God:
Gold:   234        SH:  8    Dex: 14    Spells: 2 memorised, 1 level left

rFire  . . .     SeeInvis .     b - +0 hunting sling
rCold  . . .     Gourm    .     z - +0 scale mail
rNeg   . . .     Faith    .     c - +0 shield
rPois  +         Spirit   .     o - +1 helmet
rElec  .         Dismiss  .     (no cloak)
rCorr  .         Reflect  .     (no gloves)
SustAt .         Harm     .     (no boots)
MR     +....                    (no amulet)
Stlth  ..........               D - ring of protection from magic
                                u - ring of poison resistance

@: somewhat resistant to hostile enchantments, extremely unstealthy
A: no striking features
a: no special abilities


You were on level 4 of the Dungeon.
You were not hungry.

You visited 1 branch of the dungeon, and saw 4 of its levels.

You collected 234 gold pieces.

Inventory:

Hand Weapons
 a - a +0 rapier
 b - a +0 hunting sling (weapon)
Missiles
 m - 55 poisoned needles
 n - 8 needles of sleeping
 A - 152 stones
 B - 4 sling bullets (quivered)
Armour
 c - a +0 shield (worn)
 o - a +1 helmet (worn)
 z - a +0 scale mail (worn)
Jewellery
 u - a ring of poison resistance (left hand)
 D - a ring of protection from magic (right hand)
Wands
 x - a wand of acid (5/15)
Scrolls
 e - a scroll of identify {!r}
 i - a scroll of enchant armour {!r}
 r - 2 scrolls of teleportation {!r}
 s - a scroll of remove curse {!r}
 w - a scroll of recharging {!r, unknown}
Potions
 d - a potion of might {!q}
 l - 2 potions of curing {!q}
 p - 2 potions of heal wounds {!q}
 q - a potion of magic {!q}
 t - a potion of brilliance {!q}
 v - 2 potions of flight {!q}
 E - a potion of berserk rage {!q}
Books
 g - a book of Spatial Translocations

   Spells                             Type                      Level
   a - Apportation                    Translocation                1
   b - Blink                          Translocation                2
   c - Shroud of Golubria             Charms/Translocation         2
   d - Portal Projectile              Translocation                3
   e - Teleport Other                 Translocation                3
   f - Passage of Golubria            Translocation                4
Comestibles
 f - 4 bread rations
 h - a beef jerky
 j - a royal jelly
 k - 2 fruits


   Skills:
 - Level 2.4 Fighting
 - Level 2.0 Short Blades
 - Level 2.4 Armour
 - Level 4.5 Dodging
 - Level 2.4 Shields
 + Level 2.9 Evocations


You had one spell level left.
You knew the following spells:

 Your Spells              Type           Power        Failure   Level  Hunger
a - Apportation           Tloc           #.........   100%        1    ##.....
v - Blink                 Tloc           N/A          100%        2    ###....


Dungeon Overview and Level Annotations

Branches:
Dungeon (4/15)
 Temple: D:4-7

Altars:
Ashenzari
Dithmenos
The Shining One

Annotations:
D:3 exclusion: downstairs
D:4 Natasha, Pikel


Message History

HP restored.
You start resting.
HP restored.
You see here 27 arrows.
All of the chunks of flesh in your inventory have rotted away.
There is a stone staircase leading down here.
You climb downwards.
Level annotation: Natasha, Pikel
There is a stone staircase leading up here.
Firing (i - inventory. (,) - cycle):
B - 12 sling bullets (quivered)
Press: ? - help, Shift-Dir - straight line, f - gnoll
Aim: a gnoll, wielding a halberd You shoot a sling bullet.
The sling bullet hits the gnoll.
The gnoll is lightly wounded.
The gnoll hits you but does no damage.
Firing (i - inventory. (,) - cycle):
B - 11 sling bullets (quivered)
Press: ? - help, Shift-Dir - straight line, f/p - gnoll
Aim: a gnoll, wielding a halberd (lightly wounded)
You shoot a sling bullet.
The sling bullet closely misses the gnoll.
The gnoll hits you from afar with a halberd!
A giant newt comes into view.
Firing (i - inventory. (,) - cycle):
B - 10 sling bullets (quivered)
Press: ? - help, Shift-Dir - straight line, f/p - gnoll
Aim: a gnoll, wielding a halberd (lightly wounded)
You shoot a sling bullet. The sling bullet hits the gnoll.
The gnoll is severely wounded.
The gnoll hits you from afar with a halberd.
Firing (i - inventory. (,) - cycle):
B - 9 sling bullets (quivered)
Press: ? - help, Shift-Dir - straight line, f/p - gnoll
Aim: a gnoll, wielding a halberd (severely wounded)
You shoot a sling bullet.
The sling bullet barely misses the gnoll.
The sling bullet barely misses the jackal.
The gnoll closely misses you.
Firing (i - inventory. (,) - cycle):
B - 8 sling bullets (quivered)
Press: ? - help, Shift-Dir - straight line, f/p - gnoll
Aim: a gnoll, wielding a halberd (severely wounded)
You shoot a sling bullet.
The sling bullet closely misses the gnoll.
The sling bullet barely misses the jackal.
The gnoll completely misses you.
Firing (i - inventory. (,) - cycle):
B - 7 sling bullets (quivered)
Press: ? - help, Shift-Dir - straight line, f/p - gnoll
Aim: a gnoll, wielding a halberd (severely wounded)
You shoot a sling bullet. The sling bullet hits the gnoll.
The gnoll is almost dead.
The gnoll barely misses you.
Firing (i - inventory. (,) - cycle):
B - 6 sling bullets (quivered)
Press: ? - help, Shift-Dir - straight line, f/p - gnoll
Aim: a gnoll, wielding a halberd (almost dead)
You shoot a sling bullet.
The sling bullet closely misses the gnoll.
The sling bullet hits the jackal but does no damage.
The gnoll hits you from afar with a halberd.
* * * LOW HITPOINT WARNING * * *
Firing (i - inventory. (,) - cycle):
B - 5 sling bullets (quivered)
Press: ? - help, Shift-Dir - straight line, f/p - gnoll
Aim: a gnoll, wielding a halberd (almost dead)
You shoot a sling bullet.
The sling bullet hits the gnoll but does no damage.
The gnoll is almost dead.
The gnoll hits you from afar with a halberd!
You die...

≈≈≈≈
.....
####...†h
#..(....#
#..h....S
#<.hl....
###g#####
#.# #@#
#.# #.#
#.# #.#
..# .## .


You could see Natasha, a gnoll, a jackal and a giant newt.

Vanquished Creatures
  A hound (D:3)
  An adder (D:3)
  4 dart slugs
  A giant gecko (D:1)
  8 orcs (D:3)
  3 giant cockroaches
  11 goblins
  12 hobgoblins
  6 jackals
  2 quokkas
  2 ball pythons
  5 bats
  2 giant newts (D:1)
  11 kobolds
  6 rats
75 creatures vanquished.

Notes
Turn   | Place    | Note
--------------------------------------------------------------
     0 | D:1      | Amnesiac the Deep Elf Fighter began the quest for the Orb.
     0 | D:1      | Reached XP level 1. HP: 13/13 MP: 3/3
    26 | D:1      | Reached skill level 1 in Dodging
   147 | D:1      | Reached skill level 2 in Dodging
   147 | D:1      | Reached XP level 2. HP: 15/18 MP: 4/4
   321 | D:4      | Noticed Pikel
   321 | D:4      | Noticed an ogre
   323 | D:4      | Noticed a slave
   325 | D:4      | Noticed a slave
   401 | D:3      | Reached skill level 3 in Dodging
   478 | D:3      | Reached XP level 3. HP: 22/22 MP: 5/5
   860 | D:1      | Reached skill level 4 in Dodging
  1085 | D:1      | Found a glowing golden altar of the Shining One.
  1350 | D:2      | Reached XP level 4. HP: 27/27 MP: 6/6
  2072 | D:3      | Reached skill level 1 in Evocations
  2178 | D:3      | Found a shattered altar of Ashenzari.
  2179 | D:3      | Found a shadowy altar of Dithmenos.
  2283 | D:3      | Found a faded altar to an unknown god.
  2367 | D:3      | Learned a level 1 spell: Apportation
  2370 | D:3      | Learned a level 2 spell: Blink
  2611 | D:4      | Noticed a slave
  2833 | D:4      | Noticed Natasha
  2849 | D:3      | Reached XP level 5. HP: 9/31 MP: 7/9
  3096 | D:4      | Slain by a gnoll

Skill      XL: |  1  2  3  4 |
---------------+-------------+-----
Dodging        | 2 3 4 |  4.5
Evocations     | 2 |  2.9
Fighting       | |  2.4
Short Blades   | |  2.0
Armour         | |  2.4
Shields        | |  2.4

Action                   |  1- 3 |  4- 6 || total
-------------------------+-------+-------++-------
Melee: Rapier            |   181 |    31 ||   212
 Fire: Hunting sling     |       |    97 ||    97
Evoke: Wand              |       |     3 ||     3
  Use: Scroll            |       |    13 ||    13
  Eat: Chunk             |     1 |     6 ||     7
Armor: Scale mail        |    76 |    45 ||   121
Dodge: Dodged            |    43 |    30 ||    73
Block: Shield            |    77 |    46 ||   123
